 Dungeon Crawl Stone Soup version 0.31.0-32-g396128a36d (webtiles) character file.

Game seed: 4000046149011296317

2333 firemarshallily the Geomancer (level 9, -1/68 HPs)
             Began as a Formicid Earth Elementalist on Apr 20, 2024.
             Slain by an orc warrior
             ... wielding a +0 flail
              (18 damage)
             ... on level 7 of the Dungeon.
             The game lasted 00:14:19 (6353 turns).

firemarshallily the Geomancer (FoEE)                Turns: 6353, Time: 00:14:19

Health: -1/68      AC:  2    Str: 13    XL:     9   Next: 70%
Magic:  0/20       EV: 12    Int: 19    God:
Gold:   309        SH:  0    Dex: 14    Spells: 12/23 levels left

rFire   . . .        c - +0 short sword
rCold   . . .        (no shield)
rNeg    . . .        a - +0 robe
rPois   .            (helmet unavailable)
rElec   .            (no cloak)
rCorr   .            (no gloves)
SInv    +            (no boots)
Will    .....        (no amulet)
Stlth   ++           g - ring of wizardry
HPRegen 0.31/turn    (no ring)
MPRegen 0.17/turn

%: wizardry (x1)
@: no status effects
A: permanent stasis, dig shafts and tunnels, antennae 3, four strong arms
a: Dig, Shaft Self


You were on level 7 of the Dungeon.
You visited 2 branches of the dungeon, and saw 8 of its levels.

You collected 309 gold pieces.

Inventory:

Hand Weapons
 c - a +0 short sword (weapon)
Missiles
 h - 5 atropa-tipped darts
Armour
 a - a +0 robe (worn)
 i - a +2 kite shield
Jewellery
 g - a ring of wizardry (left hand)
 k - a ring of ice
Wands
 s - a wand of paralysis (6)
Scrolls
 e - a scroll of noise
 j - 2 scrolls of identify
 n - a scroll of vulnerability {unknown}
 o - a scroll of enchant armour
 p - a scroll of fear {unknown}
 u - 2 scrolls of poison {unknown}
Potions
 b - a potion of magic
 d - 6 potions of haste {unknown}
 f - 7 potions of curing {unknown}
 m - a potion of invisibility {unknown}
 q - a potion of heal wounds {unknown}
 r - a potion of mutation {unknown}
 t - a potion of degeneration {unknown}


   Skills:
 + Level 5.2 Fighting
 - Level 1.7 Dodging
 - Level 2.4 Stealth
 - Level 0.1 Shields
 * Level 7.5 Spellcasting
 + Level 4.4 Conjurations
 * Level 9.3 Earth Magic


You had 12 spell levels left.
You knew the following spells:

 Your Spells              Type           Power      Damage    Failure   Level
a - Sandblast             Erth           84%        2d18      1%          1
b - Stone Arrow           Conj/Erth      66%        3d11      1%          3
c - Passwall              Erth           42%        N/A       1%          3
d - Brom's Barrelling Bo  Conj/Erth      33%        2d5       2%          4

Your spell library contained the following spells:

 Spells                   Type           Power      Damage    Failure   Level
 Cigotuvi's Dreadful Rot  Necr/Alch/Air  14%        N/A       6%          2
 Ensorcelled Hibernation  Hex/Ice        14%        N/A       6%          2
 Mercury Vapours          Alch/Air       14%        N/A       6%          2
 Mephitic Cloud           Conj/Alch/Air  12%        N/A       6%          3
 Petrify                  Alch/Erth      25%        N/A       6%          4
 Fugue of the Fallen      Necr           7%         N/A       12%         3
 Ozocubu's Armour         Ice            7%         N/A       12%         3
 Dispel Undead            Necr           7%         3d8       34%         4
 Manifold Assault         Tloc           7%         N/A       34%         4
 Martyr's Knell           Necr/Summ      7%         N/A       34%         4
 Freezing Cloud           Conj/Ice/Air   6%         6-21      47%         5
 Death Channel            Necr           3%         N/A       99%         6
 Swiftness                Air            Unusable   N/A       N/A         3

Dungeon Overview and Level Annotations

Branches:
Dungeon (7/15)             Temple (1/1) D:4

Altars:
Ashenzari
Cheibriados
Dithmenos
Fedhas
Gozag
Hepliaklqana
Kikubaaqudgha
Makhleb
Nemelex Xobeh
Okawaru
Qazlal
Ru
Trog
Uskayaw
Vehumet
Wu Jian
Xom
Yredelemnul
Zin
The Shining One

Annotations:
Temple 4 transporters


Innate Abilities, Weirdness & Mutations

You cannot be hasted, slowed, berserked, paralysed or teleported.
You can dig through walls and to a lower floor.
You have a pair of large antennae on your head. (SInv)
Your four strong arms can wield two-handed weapons with a shield.


Message History

The orc hits you with a +0 club.
Things that are here:
a +0 dagger; a +0 robe of cold resistance; an orc corpse The orc hits you with a +0 club.
Casting: Sandblast (safe; 1% risk of failure)
Confirm with . or Enter, or press ? or * to list all spells.
Aiming: Sandblast (safe; 1% risk of failure)
Press: ? - help, Shift-Dir - straight line, f - orc wizard
Aim: an orc wizard, wielding a +0 dagger and wearing a +0 robe (moderately wounded, slightly transparent, 81% to hit)
The blast of sand hits the orc warrior but does no damage.
The orc warrior is almost dead.
The orc closely misses you. The orc barely misses you.
You closely miss the orc warrior.
The orc warrior is almost dead.
The orc hits you with a +0 club.
Unknown command.
You hit the orc warrior but do no damage.
The orc warrior is almost dead.
An orc comes into view. It is wielding a +0 club.
The orc closely misses you. The orc warrior closely misses you.
Unknown command.
Casting: Sandblast (safe; 1% risk of failure)
Confirm with . or Enter, or press ? or * to list all spells.
Aiming: Sandblast (safe; 1% risk of failure)
Press: ? - help, Shift-Dir - straight line, f - orc warrior, p - orc wizard
Aim: an orc warrior, wielding a +0 flail and wearing a +0 chain mail (almost dead, 83% to hit)
The blast of sand hits the orc warrior but does no damage.
The orc warrior is almost dead.
The orc shouts!
You hear a shout!
The orc wizard hits you with a +0 dagger.
The orc completely misses you.
The orc warrior hits you with a +0 flail!
* * * LOW HITPOINT WARNING * * *
The orc wizard closely misses you.
You closely miss the orc warrior.
The orc warrior is almost dead.
The orc hits you with a +0 club.
* * * LOW HITPOINT WARNING * * *
The orc warrior hits you with a +0 flail!!
You die...

#...........##..#
##.#............#
#.###.........##
## ####.......#
###..##..# #..##
... #).# ..
####.## #@o...#
#..oo##..#
...o..### #..#
....### #... .#.
#..# #, #.# .#


You could see an orc warrior, an orc wizard (invisible) and 2 orcs.

Vanquished Creatures
  A water moccasin (D:6)
  Duvessa (D:5)
  3 orc warriors
  2 ice beasts (D:6)
  A sky beast (D:6)
  2 black bears (D:6)
  An ogre (D:6)
  8 scorpions
  Dowan (D:5)
  2 howler monkeys (D:6)
  2 electric eels (D:6)
  A bombardier beetle (D:6)
  4 hounds (D:6)
  A jelly (D:3)
  A gnoll bouda (D:6)
  Ijyb (D:5)
  3 orc wizards
  6 adders
  8 gnolls (D:6)
  8 river rats (D:6)
  A dart slug (D:3)
  4 ribbon worms
  21 orcs
  6 bats
  7 endoplasms
  2 giant cockroaches (D:1)
  7 goblins
  4 hobgoblins
  6 kobolds
  3 quokkas
  A ball python (D:4)
  7 frilled lizards
  18 rats
144 creatures vanquished.

Notes
Turn   | Place    | Note
-------+----------+-------------------------------------------
     0 | D:1      | firemarshallily the Formicid Earth Elementalist began the
                  | quest for the Orb.
     0 | D:1      | Reached XP level 1. HP: 13/13 MP: 3/3
    64 | D:1      | Reached skill level 1 in Conjurations
   113 | D:1      | Reached XP level 2. HP: 19/19 MP: 3/5
   293 | D:1      | Reached skill level 4 in Earth Magic
   585 | D:1      | Reached XP level 3. HP: 21/25 MP: 0/7
   844 | D:2      | Reached skill level 1 in Fighting
   957 | D:2      | Learned a level 3 spell: Stone Arrow
   961 | D:2      | Learned a level 3 spell: Passwall
  1010 | D:2      | Reached XP level 4. HP: 26/32 MP: 4/8
  1502 | D:3      | Reached XP level 5. HP: 32/37 MP: 1/10
  1637 | D:3      | Reached skill level 5 in Earth Magic
  1970 | D:3      | Identified the +1 ring mail "Qahop" {Regen+ Str-4 Int+3}
  2038 | D:3      | Reached XP level 6. HP: 44/44 MP: 9/11
  2550 | D:4      | Found a broken altar of Ashenzari.
  2827 | D:4      | Found a staircase to the Ecumenical Temple.
  2880 | Temple   | Found a transporter.
  2880 | Temple   | Found a transporter.
  2880 | Temple   | Found a transporter.
  2880 | Temple   | Found a transporter.
  2880 | Temple   | Entered the Ecumenical Temple
  3071 | D:5      | Entered Level 5 of the Dungeon
  3235 | D:5      | Noticed an orc warrior
  3242 | D:5      | Killed an orc warrior
  3243 | D:5      | Reached XP level 7. HP: 21/51 MP: 5/13
  3391 | D:5      | Noticed Ijyb
  3488 | D:5      | Reached skill level 6 in Earth Magic
  3577 | D:5      | Killed Ijyb
  3858 | D:5      | Noticed Dowan
  3859 | D:5      | Noticed Duvessa
  3863 | D:5      | Reached skill level 5 in Spellcasting
  3893 | D:5      | Killed Duvessa
  3894 | D:5      | Reached XP level 8. HP: 24/58 MP: 8/15
  3895 | D:5      | Killed Dowan
  4211 | D:5      | Learned a level 4 spell: Brom's Barrelling Boulder
  4291 | D:6      | Reached skill level 7 in Earth Magic
  4934 | D:6      | Reached skill level 8 in Earth Magic
  5159 | D:6      | Reached XP level 9. HP: 66/66 MP: 14/18
  5942 | D:6      | Reached skill level 9 in Earth Magic
  5983 | D:6      | Reached skill level 5 in Fighting
  6353 | D:7      | Slain by an orc warrior

Illustrated notes

Levels and vault maps discovered:
D:1:      ebering_hopf_link, layout_basic, minmay_door_square
D:2:      layout_loops_cross
D:3:      layout_basic, chequers_arboretum
D:4:      layout_loops_ring, evilmike_ruin_ashenzari,
          minmay_temple_entry_overgrown, serial_library_hellmonk_statue_hall
D:5:      layout_basic, uniq_ijyb, uniq_duvessa
D:6:      layout_gridville, kennysheep_path_1, dk_rats_in_the_wall
D:7:      layout_layer_cave, minmay_joined_circles
Temple:   hellmonk_temple_divided_pantheon

Skill      XL: |  1  2  3  4  5  6  7  8  9 |
---------------+----------------------------+-----
Conjurations   | 1 2 3 4 |  4.4
Earth Magic    | 4 5 6 8 9 |  9.3
Fighting       | 1 2 3 4 5 |  5.2
Spellcasting   | 3 4 5 6 7 |  7.5
Dodging        | |  1.7
Stealth        | |  2.4
Shields        | |  0.1

Action                     |  1- 3 |  4- 6 |  7- 9 || total
---------------------------+-------+-------+-------++-------
  Melee: Short sword       |     4 |     3 |    41 ||    48
         Punch             |       |       |     2 ||     2
   Cast: Sandblast         |    40 |    69 |    54 ||   163
         Stone Arrow       |       |     1 |    82 ||    83
Ability: Dig               |       |       |     1 ||     1
    Use: Potion            |       |       |     1 ||     1
         Scroll            |       |       |     4 ||     4
 Armour: Robe              |     7 |    20 |    74 ||   101
  Dodge: Dodged            |     6 |    15 |    60 ||    81
